 Dungeon Crawl Stone Soup version 0.30.2 (webtiles) character file.

Game seed: 4232978783990839594

237 porpoise the Chiller (level 5, -4/35 HPs)
             Began as a Demonspawn Ice Elementalist on Mar 19, 2024.
             Slain by a phantom (7 damage)
             ... on level 4 of the Dungeon.
             The game lasted 00:11:14 (4209 turns).

porpoise the Chiller (Demonspawn Ice Elementalist)  Turns: 4209, Time: 00:11:14

Health: -4/35      AC:  2    Str:  8    XL:     5   Next: 77%
Magic:  0/10       EV: 12    Int: 19    God:
Gold:   171        SH:  4    Dex: 13    Spells: 3/11 levels left

rFire   . . .        a - +0 dagger
rCold   . . .        (no shield)
rNeg    . . .        d - +0 robe
rPois   .            (no helmet)
rElec   .            (no cloak)
rCorr   .            (no gloves)
SInv    .            (no boots)
Will    +....        (no amulet)
Stlth   ++           e - ring of willpower
HPRegen 0.25/turn    (no ring)
MPRegen 0.12/turn

%: no passive effects
@: very slightly contaminated
A: foul stench 1, condensation shield, weakness stinger 1
a: no special abilities


You were on level 4 of the Dungeon.
You visited 1 branch of the dungeon, and saw 4 of its levels.

You collected 171 gold pieces.

Inventory:

Hand Weapons
 a - a +0 dagger (weapon)
Missiles
 h - 3 poisoned darts
 i - 6 atropa-tipped darts
 v - 5 boomerangs
Armour
 d - a +0 robe (worn)
Magical Staves
 q - a staff of air
Jewellery
 e - a ring of willpower (left hand)
Scrolls
 c - a scroll of summoning {unknown}
 f - a scroll of vulnerability
 m - 2 scrolls of teleportation
 o - a scroll of poison
 p - a scroll of fear
 r - a scroll of noise {unknown}
 s - a scroll of enchant armour {unknown}
 t - a scroll of torment {unknown}
Potions
 b - a potion of magic
 j - a potion of haste
 l - a potion of might {unknown}
 n - a potion of heal wounds {unknown}
 u - a potion of curing {unknown}
 w - 2 potions of lignification


   Skills:
 - Level 1.7 Dodging
 + Level 3.7 Stealth
 + Level 3.6 Spellcasting
 + Level 0.1 Summonings
 + Level 4.7 Ice Magic


You had 3 spell levels left.
You knew the following spells:

 Your Spells              Type           Power      Damage    Failure   Level
a - Freeze                Ice            84%        1d9       1%          1
b - Summon Ice Beast      Ice/Summ       12%        N/A       47%         4
r - Frozen Ramparts       Ice            42%        1d7       6%          3

Your spell library contained the following spells:

 Spells                   Type           Power      Damage    Failure   Level
 Ozocubu's Armour         Ice            21%        N/A       6%          3
 Portal Projectile        Hex/Tloc       6%         N/A       41%         3
 Tukima's Dance           Hex            3%         N/A       41%         3
 Blade Hands              Tmut           1%         N/A       99%         5
 Conjure Ball Lightning   Conj/Air       1%         3x3d6     100%        6
 Discord                  Hex            1%         N/A       100%        8
 Disjunction              Tloc           1%         N/A       100%        8


Dungeon Overview and Level Annotations

Branches:
Dungeon (4/15)
 Temple: D:4-7

Altars:

Shops:
D:3 (


Innate Abilities, Weirdness & Mutations

You may rarely emit foul miasma when damaged in melee.
A meltable shield of frost defends you. (SH +4)
You have a small tail.


Message History

You hit the nameless horror but do no damage.
The phantom barely misses you. The nameless horror hits you.
You feel your power leaking away.
You hit the nameless horror.
You tail-slap the nameless horror, but do no damage.
The nameless horror is lightly damaged.
The phantom closely misses you. The nameless horror hits you.
You hit the nameless horror but do no damage.
The nameless horror is lightly damaged.
The phantom closely misses you. The nameless horror closely misses you.
You hit the nameless horror but do no damage.
You tail-slap the nameless horror, but do no damage.
The nameless horror is lightly damaged.
The phantom misses you. The nameless horror hits you!
* * * LOW HITPOINT WARNING * * *
You hit the nameless horror.
You tail-slap the nameless horror, but do no damage.
The nameless horror is lightly damaged.
The phantom hits you.
* * * LOW HITPOINT WARNING * * *
The phantom blinks!
You blink.
The phantom closely misses you.
You closely miss the phantom.
The phantom is lightly damaged.
The phantom barely misses you.
You hit the phantom but do no damage.
The phantom is lightly damaged.
You block the phantom's attack.
You hit the phantom.
The phantom is lightly damaged.
The phantom barely misses you. The nameless horror misses you.
You barely miss the phantom.
Your tail-slap misses the phantom.
The phantom is lightly damaged.
The phantom barely misses you. The nameless horror hits you.
* * * LOW HITPOINT WARNING * * *
You feel your power leaking away.
You hit the phantom.
The phantom is lightly damaged.
The phantom hits you!
You die...

#.....#
#.<...#
#.....#
#.....#
#.....#
#######.####
#.......#
#....#........
#.@..#........
#$WX.#..###+##
#....#..#
#....#...
####...$#..##
..........####
..........#
..........+
..........#


You could see a nameless horror and a phantom.

Vanquished Creatures
  Jessica (D:2)
  Natasha (thrice) (D:2)
  3 gnolls (D:3)
  3 adders
  A worm (D:3)
  5 dart slugs
  5 orcs (D:3)
  3 ball pythons
  7 endoplasms
  5 giant cockroaches
  4 hobgoblins
  2 jackals (D:1)
  2 quokkas
  4 bats
  2 frilled lizards (D:1)
  4 goblins
  6 kobolds
  7 rats
67 creatures vanquished.

Notes
Turn   | Place    | Note
-------+----------+-------------------------------------------
     0 | D:1      | porpoise the Demonspawn Ice Elementalist began the quest
                  | for the Orb.
     0 | D:1      | Reached XP level 1. HP: 13/13 MP: 3/3
    33 | D:1      | Found a faded altar of an unknown god.
   306 | D:1      | Gained mutation: A meltable shield of frost defends you.
                  | (SH +4) [demonic ancestry]
   306 | D:1      | Reached XP level 2. HP: 14/19 MP: 0/5
  1018 | D:1      | Reached XP level 3. HP: 23/24 MP: 3/6
  1050 | D:1      | Learned a level 3 spell: Frozen Ramparts
  1415 | D:2      | Reached skill level 4 in Ice Magic
  1656 | D:2      | Noticed Natasha
  1666 | D:2      | Killed Natasha
  1667 | D:2      | Gained mutation: You have a small tail. [demonic ancestry]
  1667 | D:2      | Reached XP level 4. HP: 30/30 MP: 1/8
  1910 | D:2      | Noticed Natasha
  1918 | D:2      | Killed Natasha
  2188 | D:2      | Noticed Natasha
  2200 | D:2      | Killed Natasha
  2201 | D:2      | Gained mutation: You may rarely emit foul miasma when
                  | damaged in melee. [demonic ancestry]
  2201 | D:2      | Reached XP level 5. HP: 30/35 MP: 5/9
  2556 | D:2      | Noticed Jessica
  2559 | D:2      | Killed Jessica
  3560 | D:3      | Learned a level 4 spell: Summon Ice Beast
  3593 | D:3      | Found Gofywis's Antique Weapon Shoppe.
  4186 | D:4      | Noticed a phantom
  4195 | D:4      | Noticed a nameless horror
  4209 | D:4      | Slain by a phantom

Illustrated notes

Levels and vault maps discovered:
D:1:      giann_bridges, layout_basic, dreamdust_ecumenical_altar_grove
D:2:      layout_basic, uniq_natasha, uniq_jessica
D:3:      layout_loops_cross, serial_shops, nicolae_shop_just_a_little_nook
D:4:      layout_gridville, slow_altar_2, fedhas_altar_4

Skill      XL: |  1  2  3  4 |
---------------+-------------+-----
Stealth        | 2 3 |  3.7
Ice Magic      | 4 |  4.7
Spellcasting   | 3 |  3.6
Dodging        | |  1.7
Summonings     | |  0.1

Action                     |  1- 3 |  4- 6 || total
---------------------------+-------+-------++-------
  Melee: Dagger            |    32 |    34 ||    66
         Tailslap          |       |     8 ||     8
   Cast: Freeze            |    54 |    39 ||    93
         Frozen Ramparts   |       |     2 ||     2
    Use: Scroll            |       |     7 ||     7
   Stab: Sleeping          |       |     6 ||     6
 Armour: Robe              |    20 |     6 ||    26
  Dodge: Dodged            |    54 |    49 ||   103
  Block: Other             |    11 |    15 ||    26
